 Dungeon Crawl Stone Soup version 0.23-a0-650-ga4d50d4 (webtiles) character file.

4183 Borgoz the Cleaver (level 10, -2/84 HPs)
             Began as a Hill Orc Fighter on Jan 2, 2019.
             Was a Believer of Yredelemnul.
             Slain by a two-headed ogre
             ... wielding a +0 giant spiked club
              (6 damage)
             ... on level 8 of the Dungeon.
             The game lasted 00:15:45 (6744 turns).

Borgoz the Cleaver (Hill Orc Fighter)               Turns: 6744, Time: 00:15:45

Health: -2/84      AC: 13    Str: 20    XL:     10   Next: 29%
Magic:  10/10      EV: 10    Int:  8    God:    Yredelemnul [**....]
Gold:   366        SH: 11    Dex: 13    Spells: 9/9 levels left

rFire    . . .     SeeInvis .   q - +1 hand axe (elec)
rCold    . . .     Gourm    .   c - +0 shield
rNeg     . . .     Faith    .   g - +1 chain mail {rPois}
rPois    +         Spirit   .   (no helmet)
rElec    .         Reflect  .   (no cloak)
rCorr    .         Harm     .   l - +0 pair of gloves (curse)
MR       .....                  (no boots)
Stlth    ..........             (no amulet)
HPRegen  0.24/turn              v - +3 ring of evasion
MPRegen  0.12/turn              j - ring of attention (curse)

@: no status effects
A: no striking features
a: Animate Remains, Recall Undead Slaves, Injury Mirror, Renounce Religion


You were on level 8 of the Dungeon.
You worshipped Yredelemnul.
Yredelemnul was pleased with you.
You were very hungry.

You visited 2 branches of the dungeon, and saw 9 of its levels.
You also visited: Sewer and Ossuary.

You collected 366 gold pieces.

Inventory:

Hand Weapons
 q - a +1 hand axe of electrocution (weapon)
Missiles
 A - 3 tomahawks (quivered)
Armour
 c - a +0 shield (worn)
 g - a +1 chain mail of poison resistance (worn)
 l - a cursed +0 pair of gloves (worn)
Jewellery
 i - a +5 ring of intelligence
 j - a cursed ring of attention (right hand)
 v - a +3 ring of evasion (left hand)
 y - an uncursed ring of wizardry
Wands
 a - a wand of flame (14)
 u - a wand of paralysis (7)
 w - a wand of enslavement (4)
 x - a wand of polymorph (7)
Scrolls
 b - a scroll of magic mapping
 e - 3 scrolls of teleportation
 m - a scroll of fog {unknown}
 s - a scroll of remove curse {unknown}
 B - a scroll of enchant weapon {unknown}
 C - 3 scrolls of identify
 E - a scroll of immolation {unknown}
Potions
 d - 4 potions of might
 h - 6 potions of flight
 k - 4 potions of curing
 n - 2 potions of heal wounds {unknown}
 o - a potion of brilliance {unknown}
 p - 3 potions of agility
 r - 2 potions of berserk rage {unknown}
 t - 2 potions of magic {unknown}
 z - 2 potions of lignification {unknown}
 D - a potion of ambrosia {unknown}
 F - 2 potions of haste {unknown}
Comestibles
 f - 15 rations


   Skills:
 + Level 6.8 Fighting
 + Level 12.2 Axes
 + Level 8.2 Armour
 + Level 2.6 Dodging
 + Level 0.9 Stealth
 + Level 7.8 Shields


You had 9 spell levels left.
You didn't know any spells.
Your spell library was empty.

Dungeon Overview and Level Annotations

Branches:
Dungeon (8/15)             Temple (1/1) D:5
   Lair: D:8-11

Altars:
Ashenzari
Cheibriados
Dithmenos
Elyvilon
Fedhas
Gozag
Hepliaklqana
Kikubaaqudgha
Makhleb
Nemelex Xobeh
Okawaru
Qazlal
Ru
Sif Muna
Trog
Uskayaw
Vehumet
Wu Jian
Xom
Yredelemnul
Zin
The Shining One

Shops:
D:6 *   D:7 (


Message History

The two-headed ogre hits you with a +0 giant spiked club!!
* * * LOW HITPOINT WARNING * * *
Okay, then.
You open the door.
The two-headed ogre closely misses you. x2
There is an open door here.
Evoke which item? (* to show all) (? for menu, Esc to quit)
Aiming: Throw Flame
Press: ? - help, Shift-Dir - straight line, f - two-headed ogre
Aim: a two-headed ogre, wielding two +0 giant spiked clubs (severely wounded)
The puff of flame hits the two-headed ogre.
The two-headed ogre is severely wounded.
You hit the two-headed ogre.
The two-headed ogre is severely wounded.
The two-headed ogre hits you with a +0 giant spiked club!
* * * LOW HITPOINT WARNING * * *
The two-headed ogre hits you with a +0 giant spiked club!
* * * LOW HITPOINT WARNING * * *
The two-headed ogre hits you with a +0 giant spiked club.
You die...
Your body rises from the dead as a mindless zombie.

*.....##...#)()...# #.....#
****..........#).....# #.....#
,,,,#.........#.(....# #.....#
,,,,+....##...##.##### ##...##
,,,,#....##...##'##.#############
,,,,#............................
,,,,##+####......................
,,,,,,,,,,#....O.................
,,,,,,,,,,#.....@................
,,,,,,,,,,#......................
,,,,,,,,,,####+####+###########'#
,,,,,,,,,,,,,,...........<.......
**+*,,,,,,,,,,.......(.).........
,,,*,,,,,,,,,>.......(.).........
,,,*,,,,,,,,,,.......))..........
,,,*,,,,,,,,,,...................
,,,*,,,,,,,,,,....#######+#######


You could see a two-headed ogre.

Vanquished Creatures
  Grinder (D:6)
  The ghost of MisterFreud the Slasher, an amateur OpFi (D:4)
  A hippogriff (D:7)
  Sigmund (D:2)
  A water moccasin (D:5)
  A sky beast (D:5)
  3 ogres
  4 orc warriors
  6 centaurs
  A crocodile (Sewer)
  2 big kobolds (D:8)
  2 bullfrogs (D:6)
  4 water moccasin zombies (Ossuary)
  3 wights (D:6)
  3 crimson imps
  A bullfrog skeleton (D:4)
  4 hounds
  5 orc wizards
  7 orc priests
  A jelly (D:7)
  3 iguanas
  7 worker ants
  Terence (D:3)
  Natasha (twice) (D:2)
  6 big kobold zombies (Ossuary)
  2 mummies (Ossuary)
  3 hound skeletons
  3 gnolls (D:4)
  10 adders
  2 oozes
  5 adder zombies (Ossuary)
  10 dart slugs
  4 worms
  4 leopard geckos
  33 orcs
  9 bats
  5 giant cockroaches
  A gnoll zombie (Ossuary)
  7 goblins
  7 hobgoblins
  3 jackals (D:2)
  18 kobolds
  2 quokkas
  A ball python (D:5)
  3 frilled lizards
  6 hobgoblin zombies (Ossuary)
  2 kobold zombies (Ossuary)
  5 orc zombies (Ossuary)
  A quokka skeleton (D:8)
  9 rats
226 creatures vanquished.

Notes
Turn   | Place    | Note
-------+----------+-------------------------------------------
     0 | D:1      | Borgoz the Hill Orc Fighter began the quest for the Orb.
     0 | D:1      | Reached XP level 1. HP: 19/19 MP: 1/1
   134 | D:1      | Reached XP level 2. HP: 27/27 MP: 2/2
   138 | D:1      | Reached skill level 3 in Axes
   533 | D:1      | Reached XP level 3. HP: 33/33 MP: 3/3
   977 | D:2      | Noticed a centaur
   989 | D:2      | Killed a centaur
   989 | D:2      | Reached skill level 4 in Axes
   989 | D:2      | Reached XP level 4. HP: 7/40 MP: 4/4
   989 | D:2      | Reached XP level 5. HP: 8/46 MP: 5/5
  1175 | D:2      | Noticed Natasha
  1182 | D:2      | Killed Natasha
  1205 | D:2      | Found a snail-covered altar of Cheibriados.
  1240 | D:2      | Noticed Natasha
  1243 | D:2      | Noticed Sigmund
  1252 | D:2      | Killed Natasha
  1252 | D:2      | Reached skill level 5 in Axes
  1265 | D:2      | Killed Sigmund
  1265 | D:2      | Reached skill level 6 in Axes
  1265 | D:2      | Reached XP level 6. HP: 18/52 MP: 6/6
  1633 | D:2      | Found a burning altar of Makhleb.
  2036 | D:3      | Found a bloodstained altar of Trog.
  2045 | D:3      | Found a hide-covered altar of Uskayaw.
  2203 | D:3      | Noticed Terence
  2220 | D:3      | Killed Terence
  2429 | D:3      | Reached skill level 7 in Axes
  2616 | D:3      | Reached XP level 7. HP: 58/60 MP: 7/7
  2815 | D:4      | Found a glowing drain.
  2837 | Sewer    | Entered a sewer
  3126 | D:4      | Reached skill level 5 in Armour
  3182 | D:4      | Found a runed door.
  3186 | D:4      | Noticed MisterFreud's ghost (amateur OpFi)
  3253 | D:4      | Reached skill level 5 in Shields
  3577 | D:4      | Reached skill level 8 in Axes
  3656 | D:4      | Killed MisterFreud's ghost
  3656 | D:4      | Reached skill level 1 in Dodging
  3656 | D:4      | Reached XP level 8. HP: 60/67 MP: 8/8
  3700 | D:5      | Entered Level 5 of the Dungeon
  3755 | D:5      | Reached skill level 5 in Fighting
  3800 | D:5      | Reached skill level 9 in Axes
  3852 | D:5      | Found an ornate altar of the Wu Jian Council.
  3880 | D:5      | Found a staircase to the Ecumenical Temple.
  3899 | Temple   | Entered the Ecumenical Temple
  3963 | Temple   | Became a worshipper of Yredelemnul the Dark
  4292 | D:5      | Reached skill level 10 in Axes
  4439 | D:5      | Found a stormy altar of Qazlal.
  4445 | D:5      | Reached XP level 9. HP: 72/74 MP: 9/9
  4772 | D:6      | Found Ipratt's Assorted Antiques.
  5014 | D:6      | Reached * piety under Yredelemnul
  5342 | D:6      | Noticed Grinder
  5354 | D:6      | Paralysed by Grinder for 4 turns
  5365 | D:6      | Killed Grinder
  5365 | D:6      | Reached skill level 11 in Axes
  5369 | D:6      | Found a snail-covered altar of Cheibriados.
  5512 | D:7      | Found Raecw's Antique Weapon Shoppe.
  5895 | D:7      | Reached XP level 10. HP: 83/83 MP: 10/10
  6087 | D:8      | Reached skill level 12 in Axes
  6111 | D:8      | Found a sand-covered staircase.
  6120 | Ossuary  | Entered an ossuary
  6152 | Ossuary  | Reached ** piety under Yredelemnul
  6657 | D:8      | Found a white marble altar of Elyvilon.
  6695 | D:8      | Noticed a two-headed ogre
  6736 | D:8      | HP: 2/84 [two-headed ogre/+0 giant spiked club (7)]
  6744 | D:8      | Slain by a two-headed ogre

Vault maps used:
D:1:      roderic_crossed_star, minmay_door_square, lemuel_old_faithful
D:2:      lemuel_doored_altar, overflow_temple_1_default, hex_tiny,
          uniq_sigmund, uniq_natasha
D:3:      minitemple, uniq_terence
D:4:      kennysheep_slugbush, serial_park, serial_park_avenue1,
          cheibrodos_sewer_entry_drain, ebering_ghost_sewer_d, first_ration
D:5:      lemuel_round_altar, minmay_temple_entry_arrows,
          nicolae_qazlal_eye_of_the_storm
D:6:      serial_shops, kennysheep_mini_moat, kennysheep_slug_shrine,
          uniq_grinder
D:7:      serial_shops, nicolae_shop_overgrown_old_shop
D:8:      elyvilon_altar_5, lightli_ossuary_entry_decrepit_ruins,
          hangedman_pestilent_swarm
Temple:   regret_index_temple_sphere_string
Sewer:    sewer_big_baddie
Ossuary:  ossuary_tomb_2

Skill      XL: |  1  2  3  4  5  6  7  8  9 10 |
---------------+-------------------------------+-----
Axes           | 3 4 6 7 8 10 11 12 | 12.2
Armour         | 4 5 6 7 8 |  8.2
Fighting       | 4 5 6 |  6.8
Shields        | 4 5 6 7 |  7.8
Dodging        | 1 2 |  2.6
Stealth        | |  0.9

Action                   |  1- 3 |  4- 6 |  7- 9 | 10-12 || total
-------------------------+-------+-------+-------+-------++-------
Melee: War axe           |   104 |    94 |       |       ||   198
       Hand axe          |       |     7 |   348 |   156 ||   511
Evoke: Wand              |       |       |       |     1 ||     1
  Use: Scroll            |       |       |     6 |     1 ||     7
  Eat: Chunk             |       |     5 |    12 |     1 ||    18
Armor: Scale mail        |     3 |       |       |       ||     3
       Chain mail        |    60 |    42 |   125 |    47 ||   274
Dodge: Dodged            |    27 |    19 |    92 |    42 ||   180
Block: Shield            |    50 |    51 |   129 |    59 ||   289

Table legend:
 A = Non-vault XP
 B = Vault XP
 C = Vault XP percentage of total XP
 D = Non-vault monster count
 E = Vault monster count
 F = Vault count percentage of total count
                 A         B        C        D         E       F
            +---------+---------+-------+---------+---------+-------
      Total |    4419 |    1558 |  26.1 |     170 |      56 |  24.8
            +---------+---------+-------+---------+---------+-------
        D:1 |      49 |       0 |   0.0 |      26 |       0 |   0.0
        D:2 |     208 |     243 |  53.9 |      18 |       2 |  10.0
        D:3 |      82 |      36 |  30.5 |      12 |       1 |   7.7
        D:4 |     393 |     322 |  45.0 |      16 |      14 |  46.7
        D:5 |    1059 |       0 |   0.0 |      26 |       0 |   0.0
        D:6 |     950 |     290 |  23.4 |      23 |       2 |   8.0
        D:7 |    1395 |       0 |   0.0 |      32 |       0 |   0.0
        D:8 |     283 |       0 |   0.0 |      17 |       0 |   0.0
      Sewer |       0 |     113 | 100.0 |       0 |       6 | 100.0
    Ossuary |       0 |     554 | 100.0 |       0 |      31 | 100.0
            +---------+---------+-------+---------+---------+-------
